 Dungeon Crawl Stone Soup version 0.31-a0-532-g28f74ba3e5 (webtiles) character file.

Game seed: 166987886869569582

373 Shayle the Ruffian (level 6, 0/82 HPs)
             Began as an Ogre Shapeshifter on Aug 12, 2023.
             Was a Follower of Cheibriados.
             Succumbed to an adder's poison
             ... on level 5 of the Dungeon on Aug 13, 2023.
             The game lasted 00:05:05 (2940 turns).

Shayle the Ruffian (Ogre Shapeshifter)              Turns: 2940, Time: 00:05:05

Health: 0/82       AC: 23    Str: 22 (23) XL:     6   Next: 71%
Magic:  6/8        EV:  1    Int: 11 (14) God:    Cheibriados [*.....]
Gold:   151        SH:  0    Dex: 11 (14) Spells: 5/5 levels left

rFire   . . .        o - +2 whip (flame)
rCold   . . .        (no shield)
rNeg    . . .        a - melded +0 animal skin
rPois   +            (helmet currently unavailable)
rElec   .            (cloak currently unavailable)
rCorr   .            (gloves unavailable)
SInv    .            (boots unavailable)
Will    +....        p - amulet of guardian spirit
Stlth   ++           j - ring of willpower
HPRegen 0.33/turn    (no ring)
MPRegen 0.11/turn

%: clarity, guardian spirit
@: lethally poisoned (0 -> -7), tree-form, very slow
A: stationary, stasis, torment immunity, boosted hp, large, unfitting armour,
(tough skin 1), thin skeletal structure 1, clarity
a: Renounce Religion, Bend Time


You were on level 5 of the Dungeon.
You worshipped Cheibriados.
Cheibriados was aware of your devotion.
You were a tree.
You visited 1 branch of the dungeon, and saw 5 of its levels.

You collected 151 gold pieces.

Inventory:

Hand Weapons
 o - a +2 whip of flaming (weapon)
Missiles
 h - a throwing net
Armour
 a - a +0 animal skin (melded)
Jewellery
 j - a ring of willpower (left branch)
 p - an amulet of guardian spirit (around neck)
Talismans
 c - a beast talisman
 d - a flux talisman
Scrolls
 e - a scroll of enchant armour {unknown}
 f - 5 scrolls of identify {unknown}
 g - a scroll of enchant weapon {unknown}
 l - a scroll of fear {unknown}
 q - a scroll of poison {unknown}
Potions
 n - 2 potions of degeneration


   Skills:
 - Level 1.3 Fighting
 - Level 1.7 Dodging
 + Level 6.1 Unarmed Combat
 + Level 2.7 Invocations
 - Level 3.0 Shapeshifting


You had 5 spell levels left.
You didn't know any spells.
Your spell library contained the following spells:

 Spells                   Type           Power      Damage    Failure   Level
 Summon Forest            Summ/Tloc      0%         N/A       100%        5
 Eringya's Noxious Bog    Tmut/Pois      0%         4d6       100%        6
 Summon Hydra             Summ           0%         N/A       100%        7


Dungeon Overview and Level Annotations

Branches:
Dungeon (5/15)
 Temple: D:4-7

Altars:
Cheibriados
Makhleb
Zin

Shops:
D:2 (   D:4 *

Annotations:
D:4 Grinder, Natasha, Sigmund


Innate Abilities, Weirdness & Mutations

You are a tree.
Your roots penetrate the ground, keeping you stationary.
You cannot be teleported.
You are immune to unholy pain and torment.
Your maximum health is greatly increased.
Your equipment is partially melded.
You are too large for most types of armour.
((You have tough skin. (AC +1)))
You have a somewhat thin skeletal structure. (Dex +2, Stealth+)
You possess an exceptional clarity of mind.


Message History

The adder is heavily wounded.
You feel sick. The adder bites you.
* * * LOW HITPOINT WARNING * * *
You barely miss the adder.
The adder is heavily wounded.
You feel sick. The adder bites you.
* * * LOW HITPOINT WARNING * * *
The adder bites you.
You are more poisoned.
The adder poisons you!
You closely miss the adder.
The adder is heavily wounded.
You feel sick. The adder bites you.
* * * LOW HITPOINT WARNING * * *
It was a potion of degeneration.
There was something very wrong with that liquid.
You feel weakened.
You feel dopey.
You feel clumsy.
You feel sick. The adder bites you.
* * * LOW HITPOINT WARNING * * *
It was a potion of mutation.
You feel extremely strange.
Your bones become slightly less dense.
Your thoughts seem clearer.
You feel sick. The adder barely misses you. The adder bites you.
* * * LOW HITPOINT WARNING * * *
You are lethally poisoned!
The adder poisons you!
It was a potion of magic.
Magic courses through your body.
* * * LOW HITPOINT WARNING * * *
You feel sick. The adder bites you.
* * * LOW HITPOINT WARNING * * *
Okay, then.
Okay, then.
Your transformation has ended.
You turn into a tree.
Your +0 animal skin melds into your body.
Your roots penetrate the ground.
* * * LOW HITPOINT WARNING * * *
You feel sick. The adder bites you but does no damage.
You hit the adder. You burn the adder.
The adder is severely wounded.
You die...

#. #.# #.# #
... ###. #.#
$.... #.#
.....###.######
.........<♣S..#
.........####.#
...........#
###......#o.#
#......#..#
#....... .#
###...###..
##.## #o #. .#


You could see an adder.

Vanquished Creatures
  A black bear (D:5)
  A hound (D:5)
  An iguana (D:5)
  2 orc wizards
  7 gnolls (D:3)
  2 adders (D:2)
  An ufetubus (D:3)
  A worm (D:2)
  A dart slug (D:2)
  9 orcs
  5 ball pythons
  5 bats
  5 endoplasms
  2 giant cockroaches
  7 goblins
  6 hobgoblins
  3 jackals (D:3)
  2 kobolds
  3 quokkas
  3 frilled lizards
  5 rats
72 creatures vanquished.

Notes
Turn   | Place    | Note
-------+----------+-------------------------------------------
     0 | D:1      | Shayle the Ogre Shapeshifter began the quest for the Orb.
     0 | D:1      | Reached XP level 1. HP: 19/19 MP: 1/1
   401 | D:1      | Reached skill level 3 in Unarmed Combat
   452 | D:1      | Reached XP level 2. HP: 26/27 MP: 2/2
   880 | D:2      | Found Nonetrah's Antique Weapon Emporium.
  1050 | D:2      | Reached XP level 3. HP: 27/33 MP: 3/3
  1218 | D:2      | Reached skill level 4 in Unarmed Combat
  1709 | D:2      | Reached XP level 4. HP: 38/41 MP: 4/4
  1999 | D:3      | Found a snail-covered altar of Cheibriados.
  2009 | D:3      | Became a worshipper of Cheibriados the Contemplative
  2126 | D:3      | Reached skill level 5 in Unarmed Combat
  2126 | D:3      | Reached XP level 5. HP: 46/48 MP: 5/5
  2274 | D:3      | Reached * piety under Cheibriados
  2496 | D:3      | Found a glowing silver altar of Zin.
  2626 | D:3      | Found a burning altar of Makhleb.
  2626 | D:3      | Noticed a balrug
  2647 | D:4      | Noticed Grinder
  2647 | D:4      | Noticed Sigmund
  2647 | D:4      | Noticed Natasha
  2718 | D:4      | Found Jint's Lightly-Used Armoury.
  2770 | D:5      | Entered Level 5 of the Dungeon
  2812 | D:5      | Reached skill level 1 in Invocations
  2812 | D:5      | Reached XP level 6. HP: 31/55 MP: 4/6
  2901 | D:5      | Noticed a black bear
  2913 | D:5      | Killed a black bear
  2914 | D:5      | Reached skill level 6 in Unarmed Combat
  2937 | D:5      | Gained mutation: You have a somewhat thin skeletal
                  | structure. (Dex +2, Stealth+) [potion of mutation]
  2937 | D:5      | Gained mutation: You possess an exceptional clarity of
                  | mind. [potion of mutation]
  2938 | D:5      | HP: 2/55 [adder (2)]
  2940 | D:5      | Succumbed to an adder's poison

Illustrated notes

Levels and vault maps discovered:
D:1:      dpeg_arrival_shrine, layout_basic, serial_curves, eino_curves_04,
          eino_curves_01
D:2:      minmay_chambers_of_ones, layout_basic, serial_shops, shop
D:3:      layout_rooms, makhleb_altar_promises_db, zin_treasury,
          lemuel_tele_altar, hangedman_decor_clover_reticule
D:4:      layout_rooms, gammafunk_ghost_mausoleum, minmay_shop_damaged,
          uniq_grinder, uniq_sigmund, uniq_natasha
D:5:      layout_loops_ring, grunt_temple_overflow_open,
          dilly_guarded_unrand_morg, uniq_pikel

Skill      XL: |  1  2  3  4  5  6 |
---------------+-------------------+-----
Unarmed Combat | 3 4 5 6 |  6.1
Invocations    | 1 2 |  2.7
Fighting       | |  1.3
Dodging        | |  1.7
Shapeshifting  | |  3.0

Action                     |  1- 3 |  4- 6 || total
---------------------------+-------+-------++-------
  Melee: Unarmed           |    86 |    30 ||   116
         Whip              |       |    99 ||    99
         Punch             |       |     5 ||     5
    Use: Potion            |       |     8 ||     8
   Stab: Sleeping          |     1 |       ||     1
         Distracted        |       |     1 ||     1
 Armour: Animal skin       |    19 |    28 ||    47
         Skin              |       |    33 ||    33
  Dodge: Dodged            |    31 |    60 ||    91

Table legend: (Time is in decaauts)
 A = Elapsed time spent in this place.
 B = Non-inter-level travel time spent in this place.
 C = Inter-level travel time spent in this place.
 D = Time resting spent in this place.
 E = Time spent auto-exploring this place.
 F = Levels seen in this place.
 G = Mean time per level.
                   A        B        C        D        E       F      G
               +--------+--------+--------+--------+--------+-----+--------+
         Total |   3085 |   3033 |     52 |    175 |   2282 |   5 |  617.0 |
       Dungeon |   3085 |   3033 |     52 |    175 |   2282 |   5 |  617.0 |
               +--------+--------+--------+--------+--------+-----+--------+

Top non-repeatable levels by time:
     D:2: 1006 daAuts
     D:3: 970 daAuts
     D:1: 822 daAuts
     D:5: 175 daAuts
     D:4: 109 daAuts
